[Event "Late-Titled-Tuesday-Blitz-September-05-2023"]
[Site "Chess.com"]
[Date "2023.09.05"]
[Round "3"]
[White "ameetghasi100"]
[Black "YEIKO2017"]
[Result "1-0"]
[WhiteElo "2682"]
[BlackElo "2430"]
[TimeControl "180+1"]
[EndTime "14:26:16 PDT"]
[Termination "ameetghasi100 won by resignation"]

1. Nf3 c5 2. g3 g6 3. Bg2 Bg7 4. O-O Nf6 5. c3 O-O 6. d3 d5 7. Qa4 Nc6 8. Qh4 Qd7 9. h3 b6 10. Bg5 Bb7 11. Nbd2 Rac8 12. e4 dxe4 13. dxe4 Rfd8 14.
Rfe1 Qe6 15. e5 Nd5 16. Bh6 f6 17. Bxg7 Kxg7 18. exf6+ Qxf6 19. Ng5 h6 20. Ne6+ Kh7 21.
Qxf6 Nxf6 22. Nxd8 Rxd8 23. Nc4 b5 24. Bxc6 Bxc6 25.
Rxe7+ Kg8 26. Re6 1-0

[Event "Late-Titled-Tuesday-Blitz-September-05-2023"]
[Site "Chess.com"]
[Date "2023.09.05"]
[Round "3"]
[White "rochaaaaaaaaaa"]
[Black "Sinquefield"]
[Result "0-1"]
[WhiteElo "2262"]
[BlackElo "2470"]
[TimeControl "180+1"]
[EndTime "14:26:16 PDT"]
[Termination "Sinquefield won by resignation"]

1. e4 e6 2. d4 d5 3. Nc3 dxe4 4. Nxe4 Bd7 5. Nf3 Bc6 6. Bd3 Nd7 7. c3 Ngf6 8.
Nxf6+ Nxf6 9. Bf4 Bd6 10. Ne5 Bxe5 11. Bxe5 Qd5 12. Qe2 Qxg2 13. O-O-O Bf3 14. Qe3 Bxd1 15. Rxd1 Nd5 16. Qe2 O-O-O 17. Kb1 Nf6 18. Bxf6 gxf6 19. Be4 Qxh2 20. Qb5 c6 21. Qa5 0-1

[Event "Late-Titled-Tuesday-Blitz-September-05-2023"]
[Site "Chess.com"]
[Date "2023.09.05"]
[Round "3"]
[White "Sibelephant"]
[Black "angryspacevoid"]
[Result "1-0"]
[WhiteElo "3116"]
[BlackElo "2597"]
[TimeControl "180+1"]
[EndTime "14:26:24 PDT"]
[Termination "Sibelephant won by resignation"]

1. e4 c6 2. d4 d5 3. exd5 cxd5 4.
Bd3 Nc6 5. c3 Nf6 6. h3 g6 7.
Nf3 Bg7 8. Qc2 O-O 9. O-O Nd7 10. Be3 e5 11. dxe5 Ndxe5 12. Nbd2 Be6 13. Nxe5 Nxe5 14. Bd4 Rc8 15. Rad1 Qh4 16. Bxe5 Bxe5 17. Nf3 Qf6 18. Nxe5 Qxe5 19. f4 Qe3+ 20. Kh1 d4 21. Rf3 Bxa2 22. Rxe3 dxe3 23. b3 1-0

[Event "Late-Titled-Tuesday-Blitz-September-05-2023"]
[Site "Chess.com"]
[Date "2023.09.05"]
[Round "3"]
[White "kleinebeer98"]
[Black "picturesquecheck"]
[Result "1-0"]
[WhiteElo "2845"]
[BlackElo "2312"]
[TimeControl "180+1"]
[EndTime "14:26:26 PDT"]
[Termination "kleinebeer98 won by resignation"]

1. e4 c5 2. Nf3 d6 3. d4 cxd4 4. Nxd4 Nf6 5. Nc3 Nc6 6. Nd5 Nxd5 7. exd5 Qa5+ 8. Bd2 Qxd5 9. Nb5 Qe6+ 10. Be2 Qd7 11. c4 a6 12. Nc3 e6 13. Na4 Qc7 14. O-O Be7 15. Be3 O-O 16. Nb6 Rb8 17. Qd2 Bd7 18.
Rfd1 Rfd8 19. Rac1 Be8 20. f4 Bf8 21. Bf3 Qe7 22. b4 d5 23. Bc5 Qf6 24. Bxf8 dxc4 25.
Bd6 Ne7 26. Qf2 Nf5 27. Bxb8 Rxb8 28. Nxc4 1-0

[Event "Late-Titled-Tuesday-Blitz-September-05-2023"]
[Site "Chess.com"]
[Date "2023.09.05"]
[Round "3"]
[White "Truequitos"]
[Black "The_Machine04"]
[Result "0-1"]
[WhiteElo "2434"]
[BlackElo "2608"]
[TimeControl "180+1"]
[EndTime "14:26:30 PDT"]
[Termination "The_Machine04 won by resignation"]

1. e4 d6 2. d3 Nf6 3. Nd2 e5 4. g3 c5 5. Bg2 Nc6 6. Ngf3 Be7 7. O-O O-O 8. a4 Be6 9. Ng5 Bg4 10. f3 Bd7 11. f4 h6 12. Ngf3 Be6 13. f5 Bd7 14.
Nc4 Nd4 15. c3 Nxf3+ 16. Qxf3 Bc6 17. Ne3 a6 18. a5 Rb8 19. Ng4 Nxg4 20. Qxg4 Bg5 21.
h4 Bxc1 22. Raxc1 f6 23. b4 Rc8 24. Qe2 cxb4 25. cxb4 Bb5 26. Bf3 Qd7 27. g4 Rxc1 28.
Rxc1 Rc8 29. Rc2 Rxc2 30. Qxc2 Qc6 31. Qxc6 bxc6 32. Be2 d5 33. Bf1 Kf8 34. Kf2 Ke7 35. Ke3 Kd6 36. Be2 d4+ 37. Kd2 c5 38. Kc2 cxb4 39.
Kb3 Kc5 40. Bf1 Be8 0-1

[Event "Late-Titled-Tuesday-Blitz-September-05-2023"]
[Site "Chess.com"]
[Date "2023.09.05"]
[Round "3"]
[White "DenishevM"]
[Black "Sjakkerntobi"]
[Result "1-0"]
[WhiteElo "2634"]
[BlackElo "2458"]
[TimeControl "180+1"]
[EndTime "14:26:32 PDT"]
[Termination "DenishevM won by resignation"]

1. d4 Nf6 2. c4 c5 3. d5 e6 4.
Nc3 exd5 5. cxd5 d6 6. e4 g6 7. Nf3 Bg7 8. h3 O-O 9. Bd3 Re8 10. O-O a6 11. a4 Bd7 12. Re1 Nh5 13. Qb3 Bc8 14. a5 Nd7 15. Bg5 Bf6 16. Be3 Ne5 17.
Nxe5 Bxe5 18. Na4 Qh4 19. Bf1 Rb8 20. Nb6 g5 21. Nxc8 Rexc8 22. Bd2 g4 23. g3 Nxg3 24.
fxg3 Bxg3 25. Re2 gxh3 26. Bxh3 Qxh3 27. Rg2 Kf8 28. Qxg3 Qh5 29. Qg7+ Ke7 30. Bg5+ Ke8 31. Qg8+ Kd7 32. Qg7 Rg8 33. Qf6 Rbe8 34. Qf5+ Kc7 35.
Bd8+ 1-0

[Event "Late-Titled-Tuesday-Blitz-September-05-2023"]
[Site "Chess.com"]
[Date "2023.09.05"]
[Round "3"]
[White "szachuspl"]
[Black "Nick12772"]
[Result "1-0"]
[WhiteElo "2544"]
[BlackElo "2346"]
[TimeControl "180+1"]
[EndTime "14:26:36 PDT"]
[Termination "szachuspl won by checkmate"]

1. d4 Nf6 2. c4 g6 3. Nc3 d5 4. Nf3 Bg7 5. Bg5 Ne4 6. h4 Nxg5 7. hxg5 c6 8. e3 Bg4 9. cxd5 cxd5 10. Qb3 Bxf3 11.
gxf3 e6 12. Qxb7 Nd7 13. Bb5 a6 14. Bxd7+ Kf8 15. Ba4 Rb8 16. Qa7 Rxb2 17. f4 Kg8 18. Qxa6 Rb6 19. Qd3 h5 20. gxh6 Bxh6 21. Bb5 Qc7 22.
a4 Kg7 23. Ke2 Rc8 24. Rac1 Qa7 25. Na2 Rcb8 26. Nb4 Qa5 27. Nc6 Rxc6 28. Rxc6 Qb4 29. Rhc1 Qb2+ 30. R6c2 Qb4 31. Qc3 Qf8 32. Qc5 Qh8 33.
Qe7 Kh7 34. Qxf7+ Bg7 35. Rh1# 1-0

[Event "Late-Titled-Tuesday-Blitz-September-05-2023"]
[Site "Chess.com"]
[Date "2023.09.05"]
[Round "3"]
[White "K_A_S_T_O_R"]
[Black "ArtemDyachuk"]
[Result "1-0"]
[WhiteElo "2952"]
[BlackElo "2554"]
[TimeControl "180+1"]
[EndTime "14:26:43 PDT"]
[Termination "K_A_S_T_O_R won by checkmate"]

1. e4 c5 2. Nf3 d6 3. d4 cxd4 4.
Nxd4 Nf6 5. Nc3 Nc6 6. Bg5 e6 7. Qd2 a6 8. O-O-O Bd7 9. f3 Be7 10. Be3 Qc7 11. g4 h6 12. h4 Ne5 13. Be2 O-O-O 14. g5 Nh5 15. Qe1 Nc4 16. Bxc4 Qxc4 17. Nb3 Kb8 18. Qf2 Rc8 19. a3 Be8 20. Ba7+ Ka8 21.
Bb6 Qc6 22. Na5 Qd7 23. Qd2 g6 24. Be3 Bd8 25. Qd4 Bxa5 26. Qa7# 1-0

[Event "Late-Titled-Tuesday-Blitz-September-05-2023"]
[Site "Chess.com"]
[Date "2023.09.05"]
[Round "3"]
[White "BeautiFullMindChess"]
[Black "Rutricks"]
[Result "0-1"]
[WhiteElo "2346"]
[BlackElo "2671"]
[TimeControl "180+1"]
[EndTime "14:26:44 PDT"]
[Termination "Rutricks won by resignation"]

1. e4 g6 2. d4 Bg7 3. Nf3 c6 4. Bd3 d5 5. exd5 cxd5 6. h3 Nc6 7.
c3 f6 8. O-O Nh6 9. c4 O-O 10.
Nc3 Nb4 11. Be2 Be6 12. a3 Nc6 13. Re1 Qd7 14. Bf1 Bf7 15. cxd5 Bxd5 16. Nxd5 Qxd5 17. Be3 Nf5 18. Rc1 Kh8 19. Bc4 Qd6 20. d5 Ne5 21. Bf4 Rad8 22. Bxe5 fxe5 23. Ng5 Nd4 24. Qg4 Qb6 25.
Ne6 Nxe6 26. dxe6 Qxf2+ 27. Kh1 Qxb2 28. Rf1 Qxa3 29. Rf7 Qxc1+ 0-1

[Event "Late-Titled-Tuesday-Blitz-September-05-2023"]
[Site "Chess.com"]
[Date "2023.09.05"]
[Round "3"]
[White "SONOFHOLYGOD"]
[Black "Kombinator01"]
[Result "1-0"]
[WhiteElo "2622"]
[BlackElo "2448"]
[TimeControl "180+1"]
[EndTime "14:26:44 PDT"]
[Termination "SONOFHOLYGOD won by resignation"]

1. e4 a6 2. d4 c6 3. Nf3 d5 4.
Nc3 Bg4 5. Bf4 e6 6. e5 c5 7.
Be2 Nc6 8. dxc5 Bxc5 9. O-O Nge7 10. h3 Bxf3 11. Bxf3 Ng6 12. Bh2 Bd4 13. Kh1 O-O 14.
Bh5 Bxe5 15. f4 Bxc3 16. bxc3 f5 17. Qe2 Qf6 18. Rab1 b5 19. a4 bxa4 20. Rb6 Rfc8 21. Rxa6 Nf8 22. Bg1 Qxc3 23. Rf3 Qc4 24. Rxa8 Rxa8 25.
Qxc4 dxc4 26. Ra3 Nd4 27. Bxd4 1-0

[Event "Late-Titled-Tuesday-Blitz-September-05-2023"]
[Site "Chess.com"]
[Date "2023.09.05"]
[Round "3"]
[White "jk13"]
[Black "cthulhuuu"]
[Result "1-0"]
[WhiteElo "2667"]
[BlackElo "2464"]
[TimeControl "180+1"]
[EndTime "14:27:04 PDT"]
[Termination "jk13 won by resignation"]

1. e4 d6 2. d3 g6 3. g3 Bg7 4. Bg2 c5 5. Nf3 Nc6 6. O-O e6 7. c3 Nge7 8. Be3 O-O 9. d4 cxd4 10. Nxd4 Nxd4 11. Bxd4 e5 12. Be3 Be6 13. Nd2 d5 14. Bc5 Re8 15. exd5 Nxd5 16. Ne4 Qc7 17. Ba3 Rad8 18.
Qa4 a6 19. Nc5 Bc8 20. Bxd5 b5 21. Qe4 Bf8 22. Nb3 Rxd5 23. Qxd5 Bb7 24. Qd2 Qc6 25. f3 Bg7 26. Qf2 e4 27. Na5 e3 28. Qe2 Qd5 29. Rad1 Qc4 30. Nxc4 1-0

[Event "Late-Titled-Tuesday-Blitz-September-05-2023"]
[Site "Chess.com"]
[Date "2023.09.05"]
[Round "3"]
[White "SchmakAttack"]
[Black "lachesisQ"]
[Result "0-1"]
[WhiteElo "2777"]
[BlackElo "3091"]
[TimeControl "180+1"]
[EndTime "14:27:05 PDT"]
[Termination "lachesisQ won by resignation"]

1. e4 c5 2. Nf3 e6 3. d4 cxd4 4.
Nxd4 a6 5. c4 Nc6 6. Nxc6 bxc6 7. Nc3 e5 8. Bd3 Bc5 9. O-O d6 10. Kh1 Nf6 11. Bg5 h6 12. Bh4 g5 13. Bg3 h5 14. f3 Be6 15. Qd2 Nd7 16. Na4 Bd4 17. Bf2 Qf6 18. Rac1 c5 19. Nc3 h4 20. Bxd4 exd4 21.
Nd5 Bxd5 22. exd5 Ne5 23. f4 gxf4 24. Rxf4 Qg5 25. Rcf1 Rg8 26. Qe2 Ra7 27. Rf5 Qg7 28.
b4 Re7 29. bxc5 Nxd3 30. Qd2 Nxc5 31. R5f4 d3 32. h3 Re2 0-1

[Event "Late-Titled-Tuesday-Blitz-September-05-2023"]
[Site "Chess.com"]
[Date "2023.09.05"]
[Round "3"]
[White "nevermind242"]
[Black "guillembaches"]
[Result "1/2-1/2"]
[WhiteElo "2330"]
[BlackElo "2524"]
[TimeControl "180+1"]
[EndTime "14:27:06 PDT"]
[Termination "Game drawn by agreement"]

1. Nf3 d5 2. g3 g6 3. Bg2 Bg7 4. c4 dxc4 5. Na3 Nc6 6. Nxc4 e5 7. d3 Nge7 8. O-O O-O 9. a3 a5 10. Rb1 Be6 11. b4 axb4 12. axb4 f6 13. b5 Na5 14.
Qc2 Qd7 15. Bd2 Nxc4 16. dxc4 Nf5 17. e3 Rfd8 18. Bb4 Qf7 19. Rfc1 Nd6 20. Nd2 Rab8 21. Ba3 f5 22. c5 Nc8 23. Bf1 Ne7 24. Bc4 Ra8 25.
Bb2 e4 26. Bxg7 Kxg7 1/2-1/2

[Event "Late-Titled-Tuesday-Blitz-September-05-2023"]
[Site "Chess.com"]
[Date "2023.09.05"]
[Round "3"]
[White "PassedPawnMustPushed"]
[Black "TC2304"]
[Result "0-1"]
[WhiteElo "2126"]
[BlackElo "2352"]
[TimeControl "180+1"]
[EndTime "14:27:07 PDT"]
[Termination "TC2304 won by resignation"]

1. e4 e6 2. d4 d5 3. Nc3 dxe4 4. Nxe4 Bd7 5. Bd3 Bc6 6. c3 Nd7 7. Nf3 Ngf6 8. Qe2 Nxe4 9. Bxe4 Bxe4 10. Qxe4 c6 11.
Bg5 Be7 12. h4 Nf6 13. Bxf6 Bxf6 14. O-O-O Qd5 15. Qxd5 cxd5 16. g4 g6 17. g5 Bg7 18.
h5 O-O 19. h6 Bh8 20. Ne5 Bxe5 21. dxe5 Rfc8 22. Rd4 b5 23. a4 a6 24. Kc2 Rc4 25.
Rxc4 bxc4 26. a5 Rb8 27. Ra1 Kf8 28. Ra4 Ke8 29. Rb4 Rxb4 30. cxb4 Kd7 31. Kc3 Kc6 32. b3 cxb3 33. Kxb3 Kb5 34. f3 d4 35. f4 d3 36.
Kc3 d2 37. Kxd2 Kxb4 38. Kd3 Kxa5 39. Kc4 Kb6 0-1

[Event "Late-Titled-Tuesday-Blitz-September-05-2023"]
[Site "Chess.com"]
[Date "2023.09.05"]
[Round "3"]
[White "vanyakuba"]
[Black "onnoelgersma"]
[Result "0-1"]
[WhiteElo "2401"]
[BlackElo "2574"]
[TimeControl "180+1"]
[EndTime "14:27:11 PDT"]
[Termination "onnoelgersma won by resignation"]

1. e4 g6 2. d4 Bg7 3. Nc3 d6 4. f4 a6 5. a4 c6 6. Nf3 d5 7. e5 Bg4 8. h3 Bxf3 9. Qxf3 h5 10. g4 e6 11. Bg2 hxg4 12. hxg4 Rxh1+ 13. Bxh1 Qh4+ 14.
Ke2 Nh6 15. Bd2 Qxg4 16. a5 Nd7 17. Na4 Qxf3+ 18. Bxf3 O-O-O 19. Kd3 Nf5 20. Rh1 Rh8 21. Rxh8+ Bxh8 22. b3 Bg7 23. c4 Bf8 24. Bg4 Ne7 25. Bb4 Kd8 26. Nc5 Nxc5+ 27. Bxc5 Ke8 28. Bxe7 Bxe7 29.
c5 Bh4 30. Kc2 Be1 31. Kd3 Bxa5 32. Be2 Be1 33. Bg4 Kf8 34. Bh3 Ba5 35. Ke3 Ke7 36. Kd3 Kd7 37. Ke3 Kc7 38. Kd3 b6 39. cxb6+ Bxb6 40. Bg4 c5 41. dxc5 Bxc5 42. Bf3 Kb6 43.
Bd1 Ka5 44. Be2 Kb4 45. Kc2 a5 46. Bf3 Be3 47. Bd1 Bxf4 48. Kd3 Bxe5 0-1

[Event "Late-Titled-Tuesday-Blitz-September-05-2023"]
[Site "Chess.com"]
[Date "2023.09.05"]
[Round "3"]
[White "Qvalda"]
[Black "EstudiandoAjedrezRD"]
[Result "1-0"]
[WhiteElo "2382"]
[BlackElo "2208"]
[TimeControl "180+1"]
[EndTime "14:27:11 PDT"]
[Termination "Qvalda won on time"]

1. d4 Nf6 2. Nf3 c6 3. c4 d5 4. cxd5 cxd5 5. Nc3 Nc6 6. Bf4 e6 7. e3 Bd6 8. Bg5 h6 9. Bh4 O-O 10. Bd3 b6 11. Rc1 Bb7 12. O-O Rc8 13. Bb1 Be7 14.
a3 Na5 15. Qd3 Ne4 16. Bxe7 Qxe7 17. Nd2 f5 18. Nf3 Nc4 19. Rc2 Nxc3 20. Qxc3 Ba6 21.
Rfc1 Nd6 22. Qe1 Ne4 23. Ne5 Rxc2 24. Rxc2 Rc8 25. Rxc8+ Bxc8 26. Qc1 Ba6 27. Bxe4 fxe4 28. Qc6 Kh7 29. h3 Be2 30. Qd7 1-0

[Event "Late-Titled-Tuesday-Blitz-September-05-2023"]
[Site "Chess.com"]
[Date "2023.09.05"]
[Round "3"]
[White "Emp3rador"]
[Black "Aradhya2000"]
[Result "0-1"]
[WhiteElo "2498"]
[BlackElo "2726"]
[TimeControl "180+1"]
[EndTime "14:27:19 PDT"]
[Termination "Aradhya2000 won by resignation"]

1. e4 e5 2. Nf3 Nc6 3. d4 exd4 4. Nxd4 Nf6 5. Nc3 Bb4 6. Nxc6 dxc6 7. Qxd8+ Kxd8 8. Bg5 h6 9. Bd2 Be6 10. O-O-O Kc8 11.
a3 Ba5 12. f3 Nd7 13. Na4 Bxd2+ 14. Rxd2 a5 15. Be2 b6 16. Rhd1 g5 17. Bc4 Ne5 18.
Bxe6+ fxe6 19. b3 Kb7 20. Nb2 c5 21. Nd3 Nc6 22. Nf2 Raf8 23. Rd7 Nd4 24. Kb2 Kc8 25.
Re7 Re8 26. Rxe8+ Rxe8 27. Ng4 Rh8 28. Ne5 Rh7 29. a4 Kb7 30. c3 Nc6 31. Rd7 Rxd7 32. Nxd7 Kc8 33. Nf6 Ne5 34. Kc2 Kd8 35. Ng4 Nxg4 36.
fxg4 Kd7 37. e5 c4 38. bxc4 Kc6 39. Kd2 Kc5 40. Kd3 c6 41. h3 b5 42. cxb5 cxb5 43. axb5 Kxb5 44. c4+ Kc5 45. Kc3 a4 46. g3 a3 47. Kb3 a2 48. Kb2 Kxc4 49. Kxa2 Kd4 50. Kb2 Kxe5 51. Kc2 Ke4 52. Kd2 Kf3 0-1

[Event "Late-Titled-Tuesday-Blitz-September-05-2023"]
[Site "Chess.com"]
[Date "2023.09.05"]
[Round "3"]
[White "azikom"]
[Black "canary2016"]
[Result "1-0"]
[WhiteElo "2665"]
[BlackElo "2040"]
[TimeControl "180+1"]
[EndTime "14:27:20 PDT"]
[Termination "azikom won by resignation"]

1. Nf3 Nf6 2. c4 g6 3. b4 Bg7 4. Bb2 O-O 5. e3 d5 6. cxd5 Nxd5 7. Bxg7 Kxg7 8. Qb3 Be6 9. Qb2+ Nf6 10. Be2 b6 11.
O-O Nd7 12. Nd4 Bd5 13. Nc3 Bb7 14. b5 Rc8 15. a4 c6 16. Bf3 Qc7 17. bxc6 Bxc6 18.
Nxc6 Nc5 19. Nb5 Qd7 20. Ne5 Qe6 21. d4 Nb7 22. Bxb7 Rb8 23. Bf3 a6 24. Nc3 Nd7 25. Nxd7 Qxd7 26. h4 Rfc8 27. Rfc1 Qd6 28. h5 e5 29. Ne4 Qe6 30. dxe5 gxh5 31. Ng3 Kh8 32. Nxh5 Rg8 33. Nf4 Qh6 34. e6+ f6 35. Rc7 Rbe8 36.
Rd1 Qg5 37. Rdd7 1-0

[Event "Late-Titled-Tuesday-Blitz-September-05-2023"]
[Site "Chess.com"]
[Date "2023.09.05"]
[Round "3"]
[White "stregachess"]
[Black "jamengrand"]
[Result "0-1"]
[WhiteElo "2085"]
[BlackElo "2344"]
[TimeControl "180+1"]
[EndTime "14:27:20 PDT"]
[Termination "jamengrand won by resignation"]

1. d4 d5 2. Nf3 Nf6 3. Bf4 c5 4. e3 Nc6 5. Nbd2 g6 6. Be2 Bg7 7.
h3 O-O 8. O-O Nd7 9. c3 e5 10.
dxe5 Ndxe5 11. Nxe5 Bxe5 12. Bh6 Re8 13. Nf3 Bh8 14. Bb5 a6 15. Ba4 b5 16. Bc2 Bb7 17. Qd2 Qe7 18. Bg5 Qe6 19. Rad1 b4 20. cxb4 Nxb4 21.
Bb1 d4 22. Nh2 Qd5 23. f3 Qxg5 24. a3 dxe3 25. Qe2 Be5 26. Ng4 Bd4 27. axb4 h5 28.
bxc5 hxg4 29. Rxd4 gxf3 30. Rxf3 Bxf3 31. Qxf3 e2 32. Rd7 e1=Q+ 33. Kh2 Qge5+ 0-1

[Event "Late-Titled-Tuesday-Blitz-September-05-2023"]
[Site "Chess.com"]
[Date "2023.09.05"]
[Round "3"]
[White "IlanSchnaider"]
[Black "Giantgoogachess"]
[Result "1-0"]
[WhiteElo "2754"]
[BlackElo "2373"]
[TimeControl "180+1"]
[EndTime "14:27:23 PDT"]
[Termination "IlanSchnaider won by resignation"]

1. e4 c5 2. Nf3 e6 3. d4 cxd4 4. Nxd4 Nf6 5. Nc3 Nc6 6. Ndb5 Bc5 7. Nd6+ Ke7 8. Bf4 e5 9. Nf5+ Kf8 10. Bg5 d6 11. Bc4 Be6 12. Bd5 h6 13. Bh4 Bxd5 14.
Bxf6 Qxf6 15. Nxd5 Qd8 16. O-O g6 17. Ng3 h5 18. c3 h4 19. Ne2 a6 20. b4 Ba7 21.
Qd3 Kg7 22. Rad1 Qg5 23. Kh1 Rad8 24. a4 Ne7 25. f4 exf4 26. Nexf4 Nc6 27. Nc7 Qe5 28. Qh3 Rhf8 29. Qxh4 Qxc3 30. Nh5+ gxh5 31. Qg5+ Kh7 32. Qxh5+ Kg8 33. Rf3 Qxf3 34. Qxf3 Ne5 35. Qg3+ Kh8 36. Qh4+ Kg8 37. Qg5+ Kh8 38. Qf6+ Kg8 39.
Nd5 Rfe8 40. Rf1 Rd7 41. Rf5 Re6 42. Rg5+ Ng6 43. Rxg6+ 1-0

[Event "Late-Titled-Tuesday-Blitz-September-05-2023"]
[Site "Chess.com"]
[Date "2023.09.05"]
[Round "3"]
[White "Keaton87"]
[Black "egnfanclub"]
[Result "0-1"]
[WhiteElo "2612"]
[BlackElo "2321"]
[TimeControl "180+1"]
[EndTime "14:27:25 PDT"]
[Termination "egnfanclub won by resignation"]

1. d4 d5 2. c4 c6 3. cxd5 cxd5 4. Nc3 Nf6 5. Nf3 Nc6 6. Ne5 e6 7. Nxc6 bxc6 8. g3 c5 9. Bg2 cxd4 10. Qxd4 Qb6 11.
Qxb6 axb6 12. O-O Ba6 13. Re1 Bb4 14. Bd2 O-O 15. e3 Rac8 16. Bf1 Bxf1 17. Kxf1 Bxc3 18.
Bxc3 Ne4 19. Bd4 Rc2 20. Re2 Rfc8 21. Rae1 b5 22. Rxc2 Rxc2 23. Re2 Rc1+ 24. Kg2 f6 25. f3 Nd6 26. b3 b4 27. Bb2 Rb1 28. Rc2 Nb5 29. Bd4 Na3 30. Rc8+ Kf7 31. Rb8 Nc2 32. Bc5 Rb2 33. Kh3 Rxa2 34. Rb7+ Kg6 35. Bf8 Nxe3 36. g4 Kg5 37. Bxg7 Nf1 38. f4+ Kg6 0-1

[Event "Late-Titled-Tuesday-Blitz-September-05-2023"]
[Site "Chess.com"]
[Date "2023.09.05"]
[Round "3"]
[White "talaicito"]
[Black "schack_vit"]
[Result "0-1"]
[WhiteElo "2248"]
[BlackElo "2423"]
[TimeControl "180+1"]
[EndTime "14:27:29 PDT"]
[Termination "schack_vit won by resignation"]

1. d4 d5 2. Nc3 Nf6 3. Bf4 c5 4. e3 e6 5. Nb5 Na6 6. c3 Be7 7. Nf3 O-O 8. Ne5 Nd7 9. Bd3 Nxe5 10. Bxe5 Bd7 11. a4 Qb6 12. Qh5 f5 13. g4 c4 14.
Bc2 Bxb5 15. axb5 Qxb5 16. Ra2 Qd7 17. gxf5 exf5 18. Rg1 Rf7 19. Bxf5 Qxf5 20. Rxg7+ Kf8 21. Rxf7+ Qxf7 22. Qh6+ Kg8 23. Ke2 Rf8 24. f3 Qxf3+ 25. Kd2 Qf2+ 26. Kd1 Qf1+ 0-1

[Event "Late-Titled-Tuesday-Blitz-September-05-2023"]
[Site "Chess.com"]
[Date "2023.09.05"]
[Round "3"]
[White "JiiHart"]
[Black "tylityli"]
[Result "1-0"]
[WhiteElo "2125"]
[BlackElo "2333"]
[TimeControl "180+1"]
[EndTime "14:27:29 PDT"]
[Termination "JiiHart won by resignation"]

1. e4 e5 2. Nf3 Nc6 3. Bc4 Nf6 4. d3 Be7 5. c3 O-O 6. Bg5 d5 7. exd5 Nxd5 8. Bxe7 Ndxe7 9. O-O Bf5 10. Re1 Ng6 11. b4 a6 12. b5 axb5 13. Bxb5 Qd6 14.
Bxc6 bxc6 15. d4 e4 16. Nfd2 Rfe8 17. Nc4 Qf4 18. Ne3 Be6 19. a4 Qg5 20. Nd2 Nf4 21.
Ndf1 Nd3 22. Re2 f5 23. Ng3 h5 24. h4 Qg4 25. Rd2 g6 26. Nxg4 hxg4 27. a5 Bc4 28. h5 Kg7 29. hxg6 Kxg6 30. Qa4 Ra6 31. Qxc4 1-0

[Event "Late-Titled-Tuesday-Blitz-September-05-2023"]
[Site "Chess.com"]
[Date "2023.09.05"]
[Round "3"]
[White "Jospem"]
[Black "KNVB"]
[Result "1-0"]
[WhiteElo "3044"]
[BlackElo "2733"]
[TimeControl "180+1"]
[EndTime "14:27:31 PDT"]
[Termination "Jospem won on time"]

1. e4 b6 2. d4 Bb7 3. Bd3 e6 4. Qe2 d5 5. Nc3 Bb4 6. exd5 Qxd5 7. Nf3 Nf6 8. O-O Bxc3 9. bxc3 Qh5 10. Bf4 c5 11.
dxc5 Qxc5 12. Rfd1 Nbd7 13. Bb5 Bc6 14. Nd4 Bxb5 15. Nxb5 O-O 16. Bd6 Qf5 17. Bxf8 Nxf8 18. c4 a6 19. Nd6 Qc5 20. Rab1 N8d7 21. Qf3 Rb8 22. h3 h6 23. Qg3 Rf8 24. Qe3 Qc6 25.
Rd4 Nc5 26. Rbd1 Na4 27. Rf4 Nc5 28. Rxf6 gxf6 29. Rd4 f5 30. Qxh6 Nd7 31. Qg5+ 1-0

[Event "Late-Titled-Tuesday-Blitz-September-05-2023"]
[Site "Chess.com"]
[Date "2023.09.05"]
[Round "3"]
[White "martinbitel"]
[Black "venturov"]
[Result "0-1"]
[WhiteElo "2249"]
[BlackElo "2431"]
[TimeControl "180+1"]
[EndTime "14:27:36 PDT"]
[Termination "venturov won on time"]

1. d4 g6 2. c4 Bg7 3. Nf3 f5 4. Nc3 Nf6 5. g3 O-O 6. Bg2 d6 7. O-O c6 8. Re1 Qe8 9. e4 fxe4 10. Nxe4 Nxe4 11. Rxe4 Qf7 12. Rf4 Qxc4 13. Rxf8+ Kxf8 14. Bg5 Bg4 15. Qe1 Qe6 16. Qb4 Qd7 17. Re1 Bf6 18.
Bh6+ Kg8 19. Qb3+ d5 20. Ne5 Bxe5 21. Rxe5 Na6 22. Qe3 Re8 23. h3 Bf5 24. g4 Bb1 25. Re6 Nc7 26. Qe5 Nxe6 27. f4 Qd6 28. Qe1 Be4 29. Bxe4 dxe4 30. Kg2 Nxf4+ 31. Kh1 Ne6 32. d5 Qxd5 33. Qc3 Rd8 34. g5 Qd1+ 35. Kh2 Rd2+ 36. Kg3 Qe1+ 37. Kg4 Rg2+ 0-1

[Event "Late-Titled-Tuesday-Blitz-September-05-2023"]
[Site "Chess.com"]
[Date "2023.09.05"]
[Round "3"]
[White "JG-17"]
[Black "KarateBaby"]
[Result "1-0"]
[WhiteElo "2611"]
[BlackElo "2437"]
[TimeControl "180+1"]
[EndTime "14:27:40 PDT"]
[Termination "JG-17 won by resignation"]

1. e4 c5 2. Nc3 e6 3. g3 g6 4.
Bg2 Nc6 5. d3 Bg7 6. f4 Nge7 7.
Nf3 O-O 8. O-O b6 9. e5 d5 10.
exd6 Nf5 11. Ne5 Bxe5 12. fxe5 Bb7 13. Bf4 f6 14. exf6 Nxd6 15. Bxd6 Qxd6 16. Ne4 Qd4+ 17.
Kh1 Ne5 18. Qe2 Rf7 19. Ng5 Bxg2+ 20. Qxg2 Qd5 21. Qxd5 exd5 22. Nxf7 Kxf7 23. Rae1 Re8 24. Re2 h5 25. Rfe1 Kxf6 26. Kg2 g5 27. c3 d4 28. cxd4 cxd4 29. Re4 Re6 30. Rxd4 Ng4 31. Rxe6+ Kxe6 32. Re4+ Kd7 33. h3 Nf6 34. Re5 g4 35. h4 a6 36. Kf2 Kd6 37. Rg5 Ke6 38. Ke3 Kd6 39. Kf4 1-0

[Event "Late-Titled-Tuesday-Blitz-September-05-2023"]
[Site "Chess.com"]
[Date "2023.09.05"]
[Round "3"]
[White "archess2"]
[Black "InadaC"]
[Result "0-1"]
[WhiteElo "2298"]
[BlackElo "2153"]
[TimeControl "180+1"]
[EndTime "14:27:49 PDT"]
[Termination "InadaC won by resignation"]

1. c4 Nf6 2. g3 e6 3. Bg2 d5 4.
Nf3 Be7 5. O-O O-O 6. b3 c6 7.
Bb2 Nbd7 8. e3 b6 9. Nc3 Ba6 10.
d3 Nc5 11. Qc2 dxc4 12. dxc4 Qc7 13. Rad1 Rad8 14. Nd4 Bb7 15. h4 Na6 16. Qe2 Bb4 17. Ne4 Nxe4 18. Bxe4 Be7 19. Qh5 h6 20. Qf3 Nc5 21.
Bb1 Bf6 22. Qe2 Nd7 23. Qc2 g6 24. Nxe6 Qb8 25. Nxf8 Kxf8 26. Rxd7 Rxd7 27. Bxf6 Qd6 28. Bc3 c5 29. Qe2 Qc6 30. e4 Re7 31. f3 Qd6 32.
Rd1 Qxg3+ 33. Qg2 Qxh4 34. Rd6 Re8 35. Bc2 Qf4 36. Rd2 Bc6 37. Qh2 Qe3+ 38. Qf2 Qxc3 39. Rd6 Qa1+ 40. Kg2 Ba8 41. Qh4 Kg7 42. Qf4 Qc3 43.
Rd2 Bc6 44. Qd6 Re6 45. Qf4 Rf6 0-1

[Event "Late-Titled-Tuesday-Blitz-September-05-2023"]
[Site "Chess.com"]
[Date "2023.09.05"]
[Round "3"]
[White "Durarbayli"]
[Black "Taran2004"]
[Result "1-0"]
[WhiteElo "2866"]
[BlackElo "2398"]
[TimeControl "180+1"]
[EndTime "14:27:50 PDT"]
[Termination "Durarbayli won by resignation"]

1. e4 c6 2. d4 d5 3. exd5 cxd5 4. c4 Nf6 5. Nc3 Nc6 6. Nf3 e6 7. c5 Be7 8. Bb5 O-O 9. O-O Qc7 10. Re1 Bd7 11.
Bxc6 Bxc6 12. Ne5 b6 13. Bf4 Qb7 14. b4 a6 15. Qd3 Rac8 16. Rab1 Rfd8 17. a4 Be8 18. h3 Ne4 19. Rbc1 Nxc3 20. Rxc3 Bxa4 21. Rec1 bxc5 22. bxc5 f6 23. Ng4 Bb5 24. Qg3 Kf7 25. Re1 a5 26. Rce3 Bd7 27. Rb3 Qc6 28. Qe3 Bxc5 29.
dxc5 Qxc5 30. Qg3 a4 31. Rb7 Kg8 32. Nxf6+ 1-0